Map: Port Aleksander LE

Players

Grandknight - Winner!

  • Race: Terran Terran
  • League: Diamond
  • Spawn Location: 5:00

Dash

  • Race: Zerg Zerg
  • League: Platinum
  • Spawn Location: 11:00

VOD

Have the link to the VOD?

Description

Time

  • Played on: April 30, 2019, 8:30 p.m.
  • Length: 37:30
Show
View Real Time Build Order
Export as new Build Order

Grandknight Terran - Winner!

Build Orders: Command Center First (CC) 

Get SALT Encoding   

  12  0:02  SCV  
  14  0:14  SCV  
  14  0:19  Supply Depot  
  14  0:28  SCV  
  15  0:42  SCV  
  16  0:54  SCV  
  17  1:04  Command Center  
  17  1:07  SCV  
  18  1:23  SCV  
  19  1:31  Barracks  
  19  1:35  SCV  
  20  1:44  Barracks  
  20  1:47  SCV  
  21  1:59  SCV  
  22  2:02  Refinery  
  22  2:12  SCV  
  23  2:20  Engineering Bay  
  23  2:30  Refinery  
  23  2:31  Supply Depot  
  23  2:33  Marine  
  23  2:34  SCV  
  23  2:35  Orbital Command  
  25  2:39  Supply Depot  
  25  2:49  Orbital Command  
  25  2:55  Supply Depot  
  25  3:06  Refinery  
  25  3:09  Bunker  
  25  3:10  Marine  
  26  3:18  Barracks Tech Lab  
  26  3:23  SCV  
  26  3:24  SCV  
  28  3:35  SCV, Marine  
  28  3:36  SCV  
  31  3:41  Stimpack  
  31  3:47  SCV  
  32  3:51  Refinery  
  32  3:57  Factory  
  32  3:59  SCV  
  32  4:02  Marine  
  35  4:05  Marauder  
  36  4:11  SCV x2  
  38  4:20  Marine  
  39  4:28  SCV  
  40  4:32  SCV  
  40  4:34  Marauder  
  43  4:40  SCV  
  43  4:41  Missile Turret  
  43  4:44  SCV  
  43  4:45  Terran Infantry Weapons Level 1  
  45  4:46  Missile Turret  
  44  4:56  SCV  
  44  4:58  Supply Depot  
  44  4:59  Supply Depot  
  45  5:02  Missile Turret  
  43  5:07  Missile Turret  
  43  5:08  SCV  
  43  5:09  SCV  
  43  5:10  Factory Tech Lab  
  45  5:21  SCV x2  
  47  5:32  Siege Tank  
  47  5:33  SCV x2  
  52  5:45  SCV, Marauder  
  55  5:53  Starport x2  
  55  5:54  SCV  
  56  6:06  SCV  
  57  6:14  SCV  
  59  6:18  SCV  
  59  6:25  Marine  
  59  6:26  SCV  
  59  6:30  SCV  
  62  6:38  Starport Tech Lab  
  62  6:39  Starport Tech Lab  
  62  6:41  Command Center  
  62  6:42  Fusion Core  
  62  6:46  Armory  
  62  6:50  Supply Depot  
  62  6:52  Supply Depot  
  62  6:54  Terran Infantry Armor Level 1  
  62  6:58  Concussive Shells  
  61  7:14  Supply Depot, SCV  
  61  7:15  Supply Depot x2  
  62  7:30  Armory  
  62  7:34  Weapon Refit  
  62  7:35  Siege Tank, SCV, Marine  
  62  7:36  Terran Ship Weapons Level 1, Marauder  
  69  7:38  Battlecruiser x2  
  81  7:52  Barracks  
  81  7:53  Barracks  
  81  7:57  Marauder  
  83  8:00  Engineering Bay, Marine  
  83  8:05  Orbital Command  
  84  8:17  Marine  
  84  8:18  Marauder  
  84  8:19  Terran Vehicle And Ship Armor Level 1  
  87  8:24  Command Center  
  87  8:30  Terran Infantry Weapons Level 2  
  87  8:35  Marine  
  88  8:43  Missile Turret  
  88  8:53  Marine  
  89  9:00  Missile Turret  
  89  9:02  Missile Turret x2  
  86  9:04  Missile Turret  
  86  9:06  Battlecruiser x2  
  96  9:18  Barracks Reactor x2  
  96  9:24  Missile Turret  
  96  9:31  Missile Turret  
  96  9:32  Missile Turret  
  96  9:51  Missile Turret  
  96  10:34  SCV  
  97  10:36  Terran Ship Weapons Level 2, Terran Vehicle And Ship Armor Level 2  
  97  10:38  Marine  
  97  10:39  Marine x3  
  101  10:45  Missile Turret  
  101  10:46  SCV  
  102  10:52  Missile Turret  
  102  10:56  Marine x2  
  102  10:57  Marine x2  
  104  10:58  SCV  
  107  11:10  Planetary Fortress, SCV  
  107  11:11  Missile Turret  
  108  11:14  Missile Turret, Marine  
  108  11:17  Missile Turret x2  
  108  11:18  Missile Turret x4  
  109  11:19  Missile Turret  
  109  11:22  SCV  
  109  11:24  Battlecruiser  
  116  11:30  Supply Depot  
  116  11:35  Battlecruiser  
  116  11:38  Terran Infantry Weapons Level 3  
  122  11:42  Terran Infantry Armor Level 2  
  122  11:50  Refinery  
  122  11:55  Refinery  
  122  12:09  Barracks x2  
  122  12:15  SCV  
  123  12:16  Starport  
  123  12:27  SCV  
  124  12:34  Marauder  
  124  12:35  Marine x3  
  124  12:36  Marine  
  130  12:39  SCV  
  127  12:51  SCV  
  127  12:53  Marine x4  
  132  13:17  Barracks Reactor  
  132  13:18  Barracks Reactor  
  132  13:20  Terran Vehicle And Ship Armor Level 3, Terran Ship Weapons Level 3  
  132  13:21  Starport Reactor  
  132  13:24  Starport  
  132  13:53  Sensor Tower  
  132  14:02  Supply Depot  
  132  14:04  Supply Depot  
  132  14:10  Starport Reactor  
  132  14:13  Supply Depot  
  132  14:23  Sensor Tower  
  132  14:24  SCV, Battlecruiser  
  139  14:25  Supply Depot  
  139  14:30  Supply Depot  
  138  14:35  Marauder  
  140  14:47  SCV, Battlecruiser  
  147  14:53  Supply Depot  
  147  14:56  Marauder  
  147  14:58  Supply Depot  
  147  14:59  SCV  
  150  15:04  Medivac x3  
  156  15:14  Medivac  
  156  15:15  Supply Depot, SCV  
  156  15:16  Supply Depot x2  
  156  15:18  Marauder  
  161  15:26  Terran Infantry Armor Level 3  
  161  15:27  SCV  
  162  15:39  SCV, Marauder  
  165  15:46  Marine x2  
  165  15:47  Marine x6  
  173  15:52  Medivac x2  
  173  15:54  Medivac x2  
  181  16:00  Marine  
  182  16:04  Marine x3  
  182  16:05  Marine x5  
  190  16:27  Command Center  
  190  16:35  Missile Turret  
  190  16:38  Missile Turret  
  190  16:59  Missile Turret  
  190  17:01  Missile Turret  
  190  17:07  Missile Turret  
  190  17:22  Missile Turret  
  190  17:24  Missile Turret  
  190  17:28  Missile Turret  
  190  17:42  Missile Turret  
  190  17:54  Planetary Fortress  
  190  17:55  Sensor Tower  
  190  18:01  Combat Shield  
  142  18:48  Marauder  
  124  19:00  Marine x2  
  124  19:01  Marine x6  
  132  19:09  Marauder  
  134  19:11  Battlecruiser x2  
  134  19:14  Terran Vehicle Weapons Level 1  
  146  19:18  Marine x3  
  146  19:19  Marine x5  
  154  19:30  Marauder  
  156  19:32  Refinery  
  156  19:35  Refinery  
  156  19:36  Marine x4  
  156  19:37  Marine x4  
  156  19:38  Command Center  
  164  19:43  Missile Turret x2  
  164  19:46  Missile Turret  
  164  19:52  Marauder  
  166  19:57  Marine x3  
  166  19:58  Marine  
  166  19:59  Marine x3  
  172  20:00  Marine  
  172  20:05  Missile Turret x2  
  174  20:08  Missile Turret  
  174  20:10  Command Center  
  174  20:13  Marauder  
  174  20:15  Battlecruiser, Marine x3  
  174  20:16  Battlecruiser  
  189  20:28  Missile Turret  
  189  20:31  Missile Turret  
  189  20:34  Marauder  
  191  20:38  Siege Tank  
  194  20:53  Command Center  
  194  20:56  Marauder  
  196  21:08  Missile Turret x2  
  196  21:10  Siege Tank  
  199  21:12  Terran Vehicle Weapons Level 2  
  199  21:30  Missile Turret  
  193  21:42  Siege Tank  
  193  21:44  Refinery  
  196  22:04  Sensor Tower  
  196  22:14  Siege Tank  
  199  22:25  Orbital Command  
  160  23:05  Siege Tank  
  160  23:06  Marine x2  
  160  23:07  Marine x6  
  160  23:08  Marine  
  169  23:16  Planetary Fortress, Refinery  
  169  23:24  Marine x3  
  169  23:25  Marine x5  
  169  23:26  Marauder  
  179  23:37  Siege Tank  
  167  23:42  Marine x4  
  167  23:43  Marine x2  
  167  23:47  Marauder  
  175  23:51  Factory  
  172  24:04  Battlecruiser x2  
  172  24:06  Marine x4  
  172  24:07  Marine x4  
  172  24:09  Siege Tank, Marauder  
  197  24:35  Factory  
  194  24:42  Siege Tank  
  158  24:53  Factory Tech Lab  
  158  25:11  Terran Vehicle Weapons Level 3  
  108  25:58  Factory Tech Lab  
  108  26:09  Medivac x5  
  108  26:10  Medivac, Command Center  
  120  26:12  Marine x3  
  120  26:13  Marine x5  
  128  26:30  Marine x4  
  128  26:31  Marine x4  
  124  26:41  SCV  
  125  26:48  Marine x5  
  125  26:49  Marine  
  125  26:53  SCV  
  132  26:55  Missile Turret  
  132  26:56  Missile Turret  
  132  26:58  Battlecruiser  
  132  26:59  Battlecruiser  
  144  27:03  Thor x2  
  144  27:04  Thor  
  144  27:06  SCV  
  162  27:18  Missile Turret  
  149  27:42  Marine x5  
  149  27:43  Marine x3  
  157  27:46  Thor x3  
  157  27:47  Smart Servos  
  175  27:59  Marine  
  175  28:00  Marine x5  
  175  28:01  Marine x2  
  183  28:17  Marine x2  
  183  28:18  Marine x5  
  183  28:19  Marine  
  191  28:29  Thor  
  197  29:04  Command Center  
  189  30:21  Siege Tank x3  
  186  31:11  Thor  
  186  31:12  Thor  
  186  31:13  Marine x2  
  125  32:54  Thor x3  
  125  32:56  Marine x6  
  125  32:57  Marine x2  
  122  33:37  Thor  
  121  33:47  Marine x2  
  121  33:48  Marine x6  
  106  33:49  Marine  
  106  33:52  Medivac x3  
  106  33:53  Medivac x3  
  120  33:59  Refinery  
  120  34:00  Planetary Fortress, Refinery  
  120  34:05  Marine x3  
  120  34:06  Marine x6  
  129  35:05  Marine  
  129  35:06  Marine x6  
  102  35:44  Marine x5  
  102  35:45  Marine x4  
  102  35:49  Command Center  
  111  35:56  SCV  
  112  36:01  Thor  
  112  36:02  Thor, Marine x6  
  112  36:03  Marine x2  
  132  36:08  SCV  
  133  36:20  SCV  
  134  36:33  SCV  
  135  36:45  SCV  
  136  37:08  Marine  
  136  37:09  Marine x6  
  136  37:10  Marine  
Show
View Real Time Build Order
Export as new Build Order

Dash Zerg 

Build Orders: Hatch First, Muta Ling Bane, Zergling Baneling 

Get SALT Encoding   

  12  0:01  Drone  
  13  0:20  Overlord  
  13  0:21  Drone  
  14  0:38  Drone  
  14  0:39  Drone  
  16  0:46  Drone  
  17  1:06  Hatchery  
  16  1:14  Drone x3  
  19  1:32  Spawning Pool  
  18  1:58  Extractor  
  17  2:05  Overlord  
  17  2:20  Zergling x8  
  21  2:26  Queen  
  21  2:28  Queen  
  25  2:45  Drone x4  
  28  3:02  Drone x3  
  28  3:03  Baneling Nest  
  30  3:12  Overlord  
  29  3:31  Drone x4  
  33  3:34  Extractor  
  33  3:38  Drone x5  
  33  3:39  Drone x2  
  39  3:45  Overlord  
  39  3:49  Baneling  
  39  3:50  Baneling x5  
  39  3:51  Zergling x2  
  39  3:54  Zergling x2  
  41  4:00  Zergling x2  
  42  4:10  Zergling x12  
  48  4:21  Overlord  
  48  4:22  Zergling x4  
  50  4:29  Lair  
  50  4:30  Drone  
  51  4:32  Overlord  
  51  4:34  Metabolic Boost  
  46  4:54  Baneling x3  
  46  4:55  Zergling x6  
  46  4:58  Zergling x8  
  46  5:28  Baneling  
  46  5:29  Baneling x2  
  46  5:31  Queen  
  46  5:32  Queen, Hatchery  
  49  5:38  Drone x2, Spire  
  49  5:39  Drone x6  
  49  5:40  Extractor  
  51  6:05  Zergling x8  
  51  6:06  Zergling x8  
  56  6:13  Baneling x4  
  56  6:29  Extractor  
  55  6:37  Baneling x2  
  55  6:38  Baneling x2, Centrifical Hooks  
  54  6:54  Drone x3  
  54  6:55  Drone x7  
  54  6:56  Drone x2  
  57  7:18  Queen  
  59  7:24  Mutalisk x3  
  59  7:25  Mutalisk  
  59  7:28  Zergling x10  
  72  7:30  Queen  
  72  7:34  Extractor  
  72  7:37  Zerg Flyer Weapons Level 1, Extractor  
  72  7:41  Overseer  
  72  7:42  Evolution Chamber  
  71  7:50  Drone x2  
  71  7:51  Drone  
  74  7:52  Overlord x5  
  74  8:00  Baneling  
  74  8:01  Baneling x4  
  74  8:04  Overlord x2  
  74  8:16  Zerg Melee Weapons Level 1  
  74  8:23  Drone x5  
  74  8:24  Drone x3  
  74  8:27  Zergling x10  
  84  8:29  Baneling x4  
  84  8:30  Baneling  
  87  8:44  Drone x4  
  91  8:50  Zergling x6  
  91  8:51  Zergling x10  
  99  9:00  Zergling x6  
  102  9:05  Zergling x2  
  103  9:10  Corruptor x2  
  107  9:25  Evolution Chamber  
  107  9:29  Corruptor x4  
  107  9:42  Mutalisk  
  107  9:43  Corruptor x4  
  107  9:58  Corruptor x2  
  97  10:24  Queen  
  97  10:26  Zerg Melee Weapons Level 2  
  99  10:28  Zerg Ground Armor Level 1  
  99  11:09  Zerg Flyer Armor Level 1  
  99  11:10  Corruptor x3  
  99  11:11  Corruptor, Infestation Pit  
  105  11:14  Zergling x6  
  105  11:16  Drone x2  
  111  11:29  Hatchery  
  110  11:33  Queen  
  110  11:35  Queen  
  110  11:37  Baneling x4  
  108  12:11  Hatchery  
  107  12:26  Queen  
  107  12:29  Corruptor x4  
  111  12:30  Corruptor  
  111  12:32  Corruptor x5  
  119  13:03  Corruptor x3  
  119  13:04  Corruptor  
  121  13:25  Drone x3  
  121  13:26  Drone x6  
  121  13:27  Drone x5  
  132  13:31  Hatchery  
  132  13:33  Zergling x2  
  135  13:38  Baneling x7  
  135  13:39  Baneling x4  
  135  13:45  Zerg Flyer Weapons Level 2  
  135  13:48  Zerg Ground Armor Level 2  
  135  13:51  Hive  
  135  13:58  Drone  
  135  13:59  Extractor  
  135  14:00  Overlord x3  
  135  14:02  Extractor  
  132  14:31  Zergling x2  
  125  14:33  Overlord  
  125  14:42  Drone x6  
  125  14:43  Drone  
  132  14:50  Drone x2  
  132  14:52  Overlord x3  
  134  15:00  Pneumatized Carapace  
  134  15:01  Swarm Host x5  
  134  15:02  Swarm Host x6  
  167  15:18  Spire  
  167  15:20  Queen  
  168  15:22  Queen  
  170  15:43  Corruptor x6  
  170  15:44  Corruptor, Overlord  
  170  15:45  Overlord x3  
  170  15:48  Adrenal Glands  
  184  15:54  Zerg Melee Weapons Level 3  
  184  16:04  Greater Spire  
  184  16:08  Queen  
  186  16:15  Corruptor x2  
  186  16:16  Corruptor x2  
  194  16:29  Corruptor x4  
  169  16:44  Queen  
  171  16:47  Zerg Flyer Armor Level 2  
  171  16:49  Hydralisk Den  
  170  16:58  Zergling x8  
  170  16:59  Zergling x10  
  179  17:17  Zerg Flyer Weapons Level 3  
  179  17:19  Grooved Spines  
  179  17:22  Zerg Ground Armor Level 3  
  167  17:30  Evolution Chamber  
  165  17:37  Zergling x10  
  165  17:38  Zergling x12  
  165  17:39  Zergling x10  
  180  18:01  Baneling x2  
  180  18:02  Baneling x8  
  180  18:03  Baneling x20  
  180  18:04  Baneling, Zergling x4  
  180  18:05  Zergling x14  
  188  18:06  Zergling x12  
  195  18:17  Overlord x3  
  161  18:37  Zergling x4  
  161  18:38  Zergling x10  
  160  19:05  Zerg Flyer Armor Level 3  
  160  19:07  Zerg Missile Weapons Level 1  
  160  19:09  Zergling x6  
  164  19:10  Zergling x14  
  164  19:11  Zergling x4  
  172  19:19  Corruptor  
  172  19:20  Overlord  
  172  19:21  Overlord x2  
  174  19:25  Muscular Augments  
  174  19:27  Hatchery  
  173  19:31  Hatchery  
  173  19:36  Baneling x6  
  173  19:37  Baneling x6  
  173  19:38  Baneling x7  
  172  19:39  Baneling, Zergling x8  
  172  19:40  Zergling x8  
  180  19:55  Hatchery  
  179  20:02  Corruptor x3  
  185  20:21  Viper x2  
  185  20:23  Overlord x2  
  191  20:40  Pathogen Glands  
  191  21:00  Viper x3  
  200  21:08  Zerg Missile Weapons Level 2  
  200  21:12  Evolution Chamber  
  181  22:21  Baneling  
  181  22:22  Baneling x6  
  181  22:23  Baneling x4  
  154  23:00  Zergling x2  
  154  23:01  Zergling x24  
  164  23:17  Corruptor x3  
  164  23:18  Corruptor x7  
  164  23:19  Corruptor x3  
  172  23:43  Zergling x6  
  172  23:44  Zergling x2, Corruptor  
  169  23:57  Zergling x12  
  169  23:58  Zergling x12  
  169  23:59  Zergling x10  
  169  24:00  Zergling x4  
  188  24:04  Brood Lord  
  190  24:14  Zergling x4, Extractor  
  190  24:15  Zergling x6  
  194  24:19  Viper  
  191  24:39  Hatchery  
  173  24:53  Baneling x10  
  173  24:54  Zergling x2  
  173  24:55  Zergling x40  
  194  25:06  Zergling x2  
  194  25:07  Zergling x8  
  173  25:34  Zergling x12  
  173  25:35  Zergling x2  
  160  25:36  Brood Lord x2  
  161  26:00  Hatchery  
  160  26:06  Zergling x10  
  165  26:15  Baneling  
  165  26:17  Hatchery  
  164  26:25  Zergling x6  
  162  26:35  Brood Lord  
  162  26:38  Baneling  
  162  26:39  Baneling x7  
  164  26:51  Extractor  
  164  26:53  Extractor  
  162  27:01  Baneling  
  162  27:02  Baneling x7  
  162  27:03  Baneling  
  141  27:39  Brood Lord  
  141  27:46  Swarm Host x2  
  147  27:54  Extractor  
  146  28:15  Brood Lord x2  
  150  28:32  Extractor  
  149  28:34  Extractor  
  149  28:36  Zergling x8  
  149  28:37  Zergling x12  
  149  28:38  Zergling x8  
  149  28:39  Zergling x2  
  149  28:40  Zergling x36  
  181  28:55  Drone x3  
  183  28:56  Drone x5  
  183  29:02  Corruptor x3  
  189  29:18  Zergling x6  
  192  29:34  Zergling x2  
  192  29:36  Baneling  
  192  29:37  Baneling x16  
  192  29:38  Baneling x6  
  193  29:39  Zergling x2  
  193  29:40  Zergling x10  
  161  30:06  Brood Lord x3  
  159  30:08  Zergling x12  
  159  30:09  Zergling x10  
  170  30:15  Brood Lord  
  172  30:24  Zergling x12  
  172  30:25  Zergling x12  
  172  30:26  Zergling x10  
  189  30:32  Queen  
  181  31:03  Brood Lord x3  
  179  31:04  Zergling x6  
  179  31:05  Zergling x10  
  179  31:06  Zergling x6  
  190  31:13  Baneling x4  
  190  31:14  Baneling x4  
  183  31:30  Brood Lord x3  
  183  31:31  Zergling x8  
  183  31:32  Zergling x12  
  198  31:33  Zergling x4  
  187  31:53  Viper x2  
  193  32:07  Zergling x6  
  117  32:52  Zergling x6  
  117  32:53  Zergling x12  
  117  32:55  Zergling x12  
  117  32:57  Brood Lord  
  117  32:58  Brood Lord x5  
  136  32:59  Zergling x2  
  136  33:00  Zergling x4  
  139  33:08  Zergling x4  
  139  33:09  Zergling x4  
  139  33:11  Zergling x2  
  119  33:51  Zergling x10  
  119  33:52  Zergling x8  
  128  34:04  Spawning Pool  
  128  34:08  Zergling x12  
  128  34:09  Zergling x2  
  134  34:47  Zergling x6  
  130  35:06  Zergling x6  
  130  35:07  Zergling x6  
  133  35:15  Roach Warren  
  95  35:31  Zergling x12  
  93  35:49  Lair  
  93  35:52  Drone x3  
  93  35:53  Queen  
  93  35:55  Queen  
  100  35:57  Queen  
  102  36:12  Zergling x2  
  102  36:13  Zergling x12  
  69  36:59  Spire  
Tags
 
Add a new tag
Caveats
  • Supply blocks, unpowered buildings, or Contaminate may cause inaccurate times.
  • Supply counts are checked every 10 seconds.